 Dungeon Crawl Stone Soup version 0.24-a0-463-g3510def36b (webtiles) character file.

Game seed: 11349884012501073133

36 deorigin the Caller (level 3, 0/24 HPs)
             Began as a Merfolk Summoner on July 2, 2019.
             Succumbed to an adder's poison
             ... on level 2 of the Dungeon.
             The game lasted 00:03:55 (2001 turns).

deorigin the Caller (Merfolk Summoner)              Turns: 2001, Time: 00:03:56

Health: 0/24       AC:  5    Str:  8    XL:     3   Next: 37%
Magic:  1/7        EV: 11    Int: 14    God:
Gold:   93         SH:  0    Dex: 15    Spells: 4/7 levels left

rFire    . . .     SeeInvis .   g - +0 dagger
rCold    . . .     Gourm    .   (no shield)
rNeg     . . .     Faith    .   o - +0 ring mail
rPois    .         Spirit   .   (no helmet)
rElec    .         Reflect  .   (no cloak)
rCorr    .         Harm     .   (no gloves)
MR       .....                  (no boots)
Stlth    +.........             (no amulet)
HPRegen  0.08/turn              (no ring)
MPRegen  0.10/turn              (no ring)

@: lethally poisoned (0 -> -1)
A: change form in water, swift swim, stealthy swim
a: no special abilities


You were on level 2 of the Dungeon.
You were hungry.

You visited 1 branch of the dungeon, and saw 2 of its levels.

You collected 93 gold pieces.

Inventory:

Hand Weapons
 e - a +0 club
 g - a +0 dagger (weapon)
 m - a +0 hand axe
 u - a +1 dagger of venom
Missiles
 n - 18 bolts
Armour
 a - a +0 robe
 o - a +0 ring mail (worn)
 p - a +0 chain mail
Jewellery
 b - a cursed -3 ring of evasion {unknown}
 h - an uncursed ring of poison resistance {unknown}
Scrolls
 d - a scroll of amnesia
 k - a scroll of identify {unknown}
 l - 3 scrolls of teleportation {unknown}
 q - a scroll of fear {unknown}
 r - a scroll of remove curse {unknown}
 s - a scroll of magic mapping {unknown}
Potions
 i - a potion of resistance {unknown}
 j - a potion of curing {unknown}
 v - a potion of brilliance {unknown}
Comestibles
 c - 2 rations


   Skills:
 - Level 2.6 Dodging
 - Level 2.1 Stealth
 * Level 2.7 Spellcasting
 + Level 4.6 Summonings


You had 4 spell levels left.
You knew the following spells:

 Your Spells              Type           Power        Failure   Level  Hunger
a - Summon Small Mammal   Summ           ##..         11%         1    #......
b - Call Imp              Summ           ##......     16%         2    ###....

Your spell library contained the following spells:

 Spells                   Type           Power        Failure   Level  Hunger
 Call Canine Familiar     Summ           ##......     30%         3    ###....
 Summon Guardian Golem    Hex/Summ       #.......     61%         3    ###....
 Summon Ice Beast         Ice/Summ       #.......     95%         4    #####..
 Summon Lightning Spire   Summ/Air       #.......     95%         4    #####..


Dungeon Overview and Level Annotations

Branches:
Dungeon (2/15)

Altars:


Message History

Unknown command.
What are your orders? t - Creak!
Orders for allies: a - Attack new target. p - Attack previous target. r - Retreat! s - Stop attacking. g - Guard the area. f - Follow me.
Anything else - Cancel.
Gang up on whom?
Press: ? - help, Dir - move target cursor, f/p - hobgoblin
Aim: a hobgoblin, wielding a +0 club (severely wounded) Attack!
Unknown command.
Okay, then.
You swing at nothing.
Your crimson imp blinks!
You closely miss the hobgoblin.
The hobgoblin is heavily wounded.
You feel less wooden.
Your +0 ring mail unmelds from your body.
You die...

#.# ######......#
##.######......#.####
#.........######.#
#.....######.....# #.....#
#.##### #.....# ##.#
###########..# #
........5# ###########
........@######...ยง......
........5g......#########
.........######## #
##########


You could see a hobgoblin, a friendly crimson imp and a friendly white imp.

Vanquished Creatures
  A dart slug (D:2)
  2 bats
  A giant cockroach (D:1)
  A hobgoblin (D:1)
  A jackal (D:1)
  2 kobolds
  A frilled lizard (D:2)
  4 rats (D:2)
13 creatures vanquished.

Vanquished Creatures (collateral kills)
  2 adders (D:2)
  A goblin (D:2)
  2 hobgoblins (D:1)
  A jackal (D:1)
  A quokka (D:2)
  2 bats (D:1)
  A frilled lizard (D:1)
  A rat (D:1)
11 creatures vanquished.

Grand Total: 24 creatures vanquished

Notes
Turn   | Place    | Note
-------+----------+-------------------------------------------
     0 | D:1      | deorigin the Merfolk Summoner began the quest for the Orb.
     0 | D:1      | Reached XP level 1. HP: 13/13 MP: 3/3
   532 | D:1      | Reached XP level 2. HP: 8/19 MP: 3/5
   548 | D:1      | Learned a level 2 spell: Call Imp
  1743 | D:2      | Reached XP level 3. HP: 17/24 MP: 2/6
  2001 | D:2      | Succumbed to an adder's poison

Levels and vault maps discovered:
D:1:      lemuel_arrival_broad_hall, layout_basic, minmay_misc_feat_ornament
D:2:      layout_rooms, uniq_crazy_yiuf_cottage

Action                   || total
-------------------------++-------
Melee: Club              ||    32
       Unarmed           ||     7
       Dagger            ||    61
 Cast: Summon Small Mamm ||    14
       Call Imp          ||    13
  Use: Scroll            ||     1
       Potion            ||     1
  Eat: Chunk             ||     4
Armor: Robe              ||     7
       Ring mail         ||    32
Dodge: Dodged            ||    88

Table legend:
 A = Non-vault XP
 B = Vault XP
 C = Vault XP percentage of total XP
 D = Non-vault monster count
 E = Vault monster count
 F = Vault count percentage of total count
                 A         B        C        D         E       F
            +---------+---------+-------+---------+---------+-------
      Total |      52 |       0 |   0.0 |      24 |       0 |   0.0
            +---------+---------+-------+---------+---------+-------
        D:1 |      19 |       0 |   0.0 |      12 |       0 |   0.0
        D:2 |      33 |       0 |   0.0 |      12 |       0 |   0.0
            +---------+---------+-------+---------+---------+-------
